 Dungeon Crawl Stone Soup version 0.19.1-1-g22dce08 (webtiles) character file.

522 rowlf015 the Slasher (level 7, -4/82 HPs)
             Began as a Demonspawn Berserker on Jan 3, 2017.
             Was a Priest of Trog.
             Shot with an arrow by a centaur (7 damage)
             ... on level 5 of the Dungeon.
             The game lasted 00:38:07 (2698 turns).

rowlf015 the Slasher (Demonspawn Berserker)         Turns: 2698, Time: 00:38:09

Health: -4/82      AC:  0    Str: 24    XL:     7   Next: 2%
Magic:  7/7        EV:  9    Int:  8    God:    Trog [***...]
Gold:   260        SH:  4    Dex: 13    Spells: 0 memorised, 6 levels left

rFire  . . .     SeeInvis .     a - +1 falchion
rCold  . . .     Gourm    .     b - +0 chain mail
rNeg   . . .     Faith    .     i - +0 buckler
rPois  .         Spirit   .     (helmet restricted)
rElec  .         Reflect  .     (no cloak)
rCorr  .         Harm     .     (no gloves)
MR     .....                    (no boots)
Stlth  ..........               l - amulet of regeneration
                                (no ring)
                                (no ring)

@: berserking, corroded, very quick
A: horns 2, spiny 1, sturdy frame 1
a: Berserk, Trog's Hand, Burn Spellbooks, Renounce Religion


You were on level 5 of the Dungeon.
You worshipped Trog.
Trog was most pleased with you.
You were not hungry.

You visited 1 branch of the dungeon, and saw 5 of its levels.

You collected 260 gold pieces.

Inventory:

Hand Weapons
 a - a +1 falchion (weapon)
 k - a +2 dagger of electrocution
 q - a +0 falchion
Armour
 b - a +0 chain mail (worn)
 i - a +0 buckler (worn)
 w - a +0 buckler
Jewellery
 l - an amulet of regeneration (around neck)
 v - an uncursed amulet of rage {unknown}
Scrolls
 g - 2 scrolls of magic mapping
 h - 2 scrolls of teleportation
 o - a scroll of identify
 p - 3 scrolls of immolation
 t - a scroll of blinking
Potions
 d - a potion of lignification {unknown}
 e - 2 potions of curing
 f - a potion of cancellation {unknown}
 j - a potion of cure mutation {unknown}
 m - 3 potions of agility {unknown}
 n - 3 potions of brilliance {unknown}
 s - 2 potions of beneficial mutation {unknown}
 u - 2 potions of ambrosia {unknown}
Comestibles
 c - 5 bread rations
 r - 2 meat rations


   Skills:
 + Level 4.8 Fighting
 + Level 6.0 Long Blades
 + Level 2.0 Armour
 + Level 2.1 Dodging
 - Level 0.4 Stealth
 - Level 1.0 Shields


You had 6 spell levels left.
You didn't know any spells.

Dungeon Overview and Level Annotations

Branches:
Dungeon (5/15)
 Temple: D:4-7

Altars:
Kikubaaqudgha
Qazlal
Sif Muna
Vehumet

Shops:
D:5 [


Innate Abilities, Weirdness & Mutations

You have a pair of horns on your head.
You are partially covered in sharp spines.
Your movements are slightly less encumbered by armour. (ER -2)


Message History

The arrow barely misses you. The orc hits you with a dagger.
You hit the orc but do no damage. The orc hits you but does no damage.
You closely miss the orc. The orc hits you with a dagger.
The centaur shoots an arrow.
The arrow hits you!
You hit the orc.
The orc is severely wounded.
The centaur shoots an arrow.
The arrow hits you! The orc is struck by your spines.
The orc hits you with a dagger.
The centaur shoots an arrow.
The arrow hits you!
* * * LOW HITPOINT WARNING * * *
You hear a shout!
A red film seems to cover your vision as you go berserk!
You feel yourself moving faster!
You feel mighty!
You feel quite a bit more hungry. The orc closely misses you.
You riposte.
You slash the orc!
You kill the orc!
Trog accepts your kill.
The centaur shoots an arrow.
The arrow hits you!
You die...

##########.##
.....
##..###.....
#...........
#..∩........
#...........
#...........
#...........
#....(......
#.@.).......
#)..........
...c!....###..
.......###.# #
........# ..#
........# #.#
........# ..
........# .#


You could see a centaur.

Vanquished Creatures
  Sigmund (D:3)
  A jelly (D:5)
  A hound (D:4)
  An iguana (D:4)
  4 worker ants
  Robin (D:4)
  5 adders
  An ooze (D:2)
  6 worms
  A dart slug (D:2)
  2 leopard geckos
  7 orcs
  2 ball pythons
  5 giant cockroaches
  18 goblins
  15 hobgoblins
  5 jackals
  A quokka (D:3)
  4 bats
  4 frilled lizards
  6 kobolds
  9 rats
100 creatures vanquished.

Notes
Turn   | Place    | Note
-------+----------+-------------------------------------------
     0 | D:1      | rowlf015 the Demonspawn Berserker began the quest for the Orb.
     0 | D:1      | Reached XP level 1. HP: 18/18 MP: 1/1
   213 | D:1      | Gained mutation: You are partially covered in sharp spines. [demonic ancestry]
   213 | D:1      | Reached XP level 2. HP: 21/24 MP: 2/2
   345 | D:1      | Reached skill level 3 in Long Blades
   708 | D:2      | Found an ancient bone altar of Kikubaaqudgha.
   727 | D:2      | Reached XP level 3. HP: 29/29 MP: 3/3
   731 | D:2      | Reached ** piety under Trog
  1137 | D:2      | Gained mutation: You have a pair of small horns on your head. [demonic ancestry]
  1137 | D:2      | Reached XP level 4. HP: 37/37 MP: 4/4
  1160 | D:2      | Found a deep blue altar of Sif Muna.
  1160 | D:2      | Found a radiant altar of Vehumet.
  1161 | D:2      | Found a stormy altar of Qazlal.
  1204 | D:3      | Noticed Sigmund
  1258 | D:3      | Killed Sigmund
  1258 | D:3      | Reached skill level 5 in Long Blades
  1258 | D:3      | Reached XP level 5. HP: 43/43 MP: 5/5
  1437 | D:3      | Gained mutation: Your movements are slightly less encumbered by armour. (ER -2) [demonic ancestry]
  1437 | D:3      | Reached XP level 6. HP: 49/49 MP: 6/6
  2146 | D:4      | Noticed Robin
  2164 | D:4      | Killed Robin
  2165 | D:4      | Reached *** piety under Trog
  2377 | D:4      | Reached skill level 1 in Shields
  2514 | D:5      | Entered Level 5 of the Dungeon
  2630 | D:5      | Reached skill level 6 in Long Blades
  2666 | D:5      | Found Hiucoyrgh's Antique Armour Shop.
  2685 | D:5      | Gained mutation: You have a pair of horns on your head. [demonic ancestry]
  2685 | D:5      | Reached XP level 7. HP: 36/55 MP: 7/7
  2697 | D:5      | HP: 2/55 [centaur/arrow (17)]
  2698 | D:5      | Shot with an arrow by a centaur

Skill      XL: |  1  2  3  4  5  6 |
---------------+-------------------+-----
Long Blades    | 3 5 6 |  6.0
Fighting       | 4 |  4.8
Shields        | 1 |  1.0
Dodging        | 2 |  2.1
Armour         | 2 |  2.0
Stealth        | |  0.4

Action                   |  1- 3 |  4- 6 |  7- 9 || total
-------------------------+-------+-------+-------++-------
Melee: Falchion          |   103 |   137 |     3 ||   243
       Headbutt          |       |    25 |       ||    25
Invok: Berserk           |       |     2 |     1 ||     3
  Use: Scroll            |     9 |     4 |       ||    13
       Potion            |       |     1 |       ||     1
  Eat: Bread ration      |     1 |     1 |       ||     2
Armor: Ring mail         |    18 |       |       ||    18
       Chain mail        |     9 |    46 |       ||    55
Dodge: Dodged            |    49 |    36 |     2 ||    87
Block: Buckler           |     7 |    23 |       ||    30
       Rpst.: Falchion   |    12 |     9 |     1 ||    22
